Map: Backwater LE

Players

Skinwalkers - Winner!

  • Race: Zerg Zerg
  • League: Diamond
  • Spawn Location: 11:00

axu

  • Race: Protoss Protoss
  • League: Platinum
  • Spawn Location: 5:00

VOD

Have the link to the VOD?

Description

Time

  • Played on: March 7, 2018, 2:54 p.m.
  • Length: 5:23
Show
View Real Time Build Order
Export as new Build Order

Skinwalkers Zerg - Winner!

Build Orders: Hatch First, Zergling Baneling 

Get SALT Encoding   

  12  0:04  Drone  
  13  0:11  Drone  
  14  0:22  Overlord  
  14  0:42  Drone  
  15  0:43  Drone x2  
  17  0:56  Drone  
  18  1:07  Drone  
  18  1:09  Hatchery  
  18  1:12  Extractor  
  18  1:16  Drone  
  18  1:20  Spawning Pool  
  17  1:31  Drone  
  18  1:38  Drone  
  19  1:48  Drone  
  20  1:58  Drone  
  21  2:12  Overlord  
  21  2:17  Metabolic Boost  
  21  2:20  Queen  
  23  2:24  Queen  
  23  2:28  Drone x2  
  27  2:32  Drone  
  27  2:35  Drone  
  29  2:43  Baneling Nest  
  29  2:44  Drone  
  29  2:46  Drone  
  30  2:53  Drone  
  30  2:55  Drone  
  32  3:07  Drone  
  30  3:38  Overlord x2  
  30  3:48  Zergling x2  
  30  3:49  Zergling x12  
  36  4:07  Zergling x2  
  36  4:08  Zergling x12  
  43  4:15  Extractor  
  42  4:25  Hatchery  
  42  4:28  Baneling x6  
  42  4:29  Baneling x6  
  40  4:36  Zergling x16  
  42  5:05  Zergling x2  
Show
View Real Time Build Order
Export as new Build Order

axu Protoss 

Build Orders: 1 Gate Expand, Double Forge 

Get SALT Encoding   

  12  0:01  Probe  
  13  0:13  Probe  
  14  0:22  Pylon  
  14  0:25  Probe  
  15  0:40  Gateway, Probe  
  16  0:50  Assimilator  
  16  0:57  Probe  
  17  1:09  Probe (Chrono Boost)  
  18  1:20  Probe (Chrono Boost)  
  19  1:36  Nexus  
  19  1:41  Probe, Cybernetics Core  
  20  1:53  Probe (Chrono Boost)  
  21  1:55  Pylon  
  21  2:03  Assimilator  
  21  2:05  Probe (Chrono Boost)  
  22  2:13  Probe (Chrono Boost)  
  23  2:18  Adept, Warp Gate  
  23  2:21  Probe  
  26  2:33  Probe  
  27  2:45  Probe  
  28  2:54  Adept  
  30  3:01  Pylon  
  30  3:08  Robotics Facility  
  30  3:12  Probe x2  
  32  3:32  Probe x2  
  34  3:44  Probe x2  
  34  3:52  Gateway  
  34  3:53  Gateway  
  34  3:56  Probe x2  
  36  4:10  Nexus  
  36  4:12  Pylon  
  36  4:14  Observer (Chrono Boost)  
  36  4:15  Pylon  
  37  4:29  Shield Battery  
  37  4:30  Shield Battery  
  37  4:41  Forge  
  37  4:45  Forge  
  37  4:52  Stalker  
  37  4:55  Adept x2  
  30  5:06  Probe  
  35  5:19  Pylon  
Tags
 
Add a new tag
Caveats
  • Supply blocks, unpowered buildings, or Contaminate may cause inaccurate times.
  • Supply counts are checked every 10 seconds.